 Dungeon Crawl Stone Soup version 0.19.1 (webtiles) character file.

409 Minion the Ducker (level 7, -2/41 HPs)
             Began as a Kobold Fighter on Nov 26, 2016.
             Was a Follower of the Shining One.
             Slain by a mummy (14 damage)
             ... in an ossuary.
             The game lasted 00:08:23 (2553 turns).

Minion the Ducker (Kobold Fighter)                  Turns: 2553, Time: 00:08:23

Health: -2/41      AC: 11    Str: 14    XL:     7   Next: 13%
Magic:  7/7        EV: 15    Int:  9    God:    the Shining One [*.....]
Gold:   213        SH: 11    Dex: 16    Spells: 0 memorised, 6 levels left

rFire  + . .     SeeInvis .     a - +0 flail
rCold  . . .     Gourm    .     x - +2 leather armour {rF+}
rNeg   . . .     Faith    .     n - +2 shield {AC+3}
rPois  .         Spirit   .     (no helmet)
rElec  .         Reflect  .     l - +0 cloak
rCorr  .         Harm     .     (no gloves)
MR     .....                    (no boots)
Stlth  +.........               (no amulet)
                                (no ring)
                                q - +2 ring of protection

@: glowing
A: carnivore 3
a: Renounce Religion


You were in an ossuary.
You worshipped the Shining One.
The Shining One was aware of your devotion.
You were very full.

You visited 1 branch of the dungeon, and saw 4 of its levels.
You also visited: Ossuary.

You collected 213 gold pieces.

Inventory:

Hand Weapons
 a - a +0 flail (weapon)
Armour
 l - a +0 cloak (worn)
 n - a +2 shield of protection (worn)
 x - a +2 leather armour of fire resistance (worn)
Jewellery
 q - a +2 ring of protection (left hand)
Scrolls
 b - a scroll of fog {unknown}
 e - a scroll of noise {unknown}
 g - a scroll of blinking {unknown}
 i - a scroll of enchant armour {unknown}
 j - a scroll of amnesia {unknown}
 m - a scroll of teleportation {unknown}
 o - 3 scrolls of identify {unknown}
 p - a scroll of recharging {unknown}
 r - a scroll of magic mapping {unknown}
 t - 3 scrolls of remove curse {unknown}
Potions
 c - a potion of haste {unknown}
 d - a potion of might
 h - 2 potions of curing
 s - a potion of berserk rage {unknown}
 v - a potion of brilliance {unknown}
Comestibles
 f - 5 meat rations
 k - a royal jelly


   Skills:
 - Level 3.2 Fighting
 + Level 4.5 Maces & Flails
 - Level 2.4 Armour
 + Level 5.8 Dodging
 - Level 2.4 Shields


You had 6 spell levels left.
You didn't know any spells.

Dungeon Overview and Level Annotations

Branches:
Dungeon (4/15)
 Temple: D:4-7

Altars:
The Shining One


Innate Abilities, Weirdness & Mutations

You are small and have problems with some larger weapons.
You are carnivorous and can eat meat at any time.


Message History

The mummy is moderately damaged.
The mummy barely misses you.
You hit the mummy.
The mummy is heavily damaged.
The mummy hits you!
* * * LOW HITPOINT WARNING * * *
You feel better.
You are too injured to fight recklessly!
You are too injured to fight recklessly!
You are too injured to fight recklessly!
You are too injured to fight recklessly!
You hit the mummy but do no damage.
The mummy is heavily damaged.
You hit the mummy.
The mummy is severely damaged.
The mummy closely misses you.
You hit the mummy but do no damage.
The mummy is severely damaged.
You block the mummy's attack. The mummy hits you!
You die...

##......
##...... ###
#......##..## ..
#.....##....##..
#...............
#.Z............
#MZ..Z........
#M##M.M.....#
#@M##Z.....##
#....##Z...##
#?.....#....#
#$?.....#....#
#$.!....#....#
#$$!....#....#
##$.!...#....#
#$$!..##....#
#....#


You could see 3 mummies, a big kobold zombie and an orc zombie.

Vanquished Creatures
  An ogre (D:4)
  2 orc wizards
  An iguana (D:3)
  6 mummies
  5 adders
  An ooze (D:2)
  An adder skeleton (D:4)
  3 worms (D:3)
  3 dart slugs (D:1)
  5 leopard geckos
  9 orcs
  8 bats
  5 giant cockroaches
  7 goblins
  11 hobgoblins
  5 jackals
  A quokka (D:3)
  2 frilled lizards
  A goblin zombie (D:4)
  3 hobgoblin zombies (Ossuary)
  7 kobolds
  2 orc zombies (Ossuary)
  9 rats
98 creatures vanquished.

Notes
Turn   | Place    | Note
-------+----------+-------------------------------------------
     0 | D:1      | Minion the Kobold Fighter began the quest for the Orb.
     0 | D:1      | Reached XP level 1. HP: 14/14 MP: 1/1
    60 | D:1      | Reached skill level 1 in Dodging
    75 | D:1      | Reached XP level 2. HP: 19/19 MP: 2/2
   158 | D:1      | Reached XP level 3. HP: 23/23 MP: 3/3
   160 | D:1      | Reached skill level 2 in Dodging
   767 | D:2      | Reached XP level 4. HP: 28/28 MP: 4/4
   770 | D:2      | Reached skill level 3 in Dodging
  1383 | D:3      | Reached XP level 5. HP: 32/32 MP: 5/5
  1771 | D:3      | Reached skill level 4 in Dodging
  1790 | D:3      | Found a faded altar of an unknown god.
  1969 | D:3      | Reached XP level 6. HP: 31/37 MP: 6/6
  2152 | D:4      | Reached skill level 5 in Dodging
  2156 | D:4      | Found a glowing golden altar of the Shining One.
  2166 | D:4      | Became a worshipper of the Shining One
  2260 | D:4      | Found a sand-covered staircase.
  2264 | D:4      | Noticed an ogre
  2280 | D:4      | Killed an ogre
  2370 | Ossuary  | Entered an ossuary
  2501 | Ossuary  | Reached * piety under the Shining One
  2528 | Ossuary  | Reached XP level 7. HP: 41/41 MP: 7/7
  2549 | Ossuary  | HP: 2/41 [mummy (13)]
  2553 | Ossuary  | Slain by a mummy

Skill      XL: |  1  2  3  4  5  6 |
---------------+-------------------+-----
Maces & Flails | 2 3 4 |  4.5
Dodging        | 1 2 3 4 5 |  5.8
Fighting       | |  3.2
Armour         | |  2.4
Shields        | |  2.4

Action                   |  1- 3 |  4- 6 |  7- 9 || total
-------------------------+-------+-------+-------++-------
Melee: Flail             |   130 |   263 |    23 ||   416
  Use: Potion            |       |       |     2 ||     2
  Eat: Chunk             |     2 |    12 |       ||    14
Armor: Scale mail        |    72 |    94 |       ||   166
       Leather armour    |       |     8 |     2 ||    10
Dodge: Dodged            |    71 |   125 |     6 ||   202
Block: Shield            |    70 |   149 |     7 ||   226
